 Dungeon Crawl Stone Soup version 0.26-a0-651-gb41185065b (webtiles) character file.

Game seed: 13119853925364417334

6354 Ozzies the Fighter (level 10, -5/69 HPs)
             Began as a Gargoyle Fighter on Oct 3, 2020.
             Was a High Priest of Okawaru.
             Killed by the air
             ... invoked by Gastronok
              (19 damage)
             ... on level 8 of the Dungeon.
             The game lasted 00:27:42 (10044 turns).

Ozzies the Fighter (Gargoyle Fighter)              Turns: 10044, Time: 00:27:43

Health: -5/69      AC: 18    Str: 23    XL:     10   Next: 96%
Magic:  11/13      EV: 13    Int:  9    God:    Okawaru [*****.]
Gold:   503        SH: 12    Dex:  9    Spells: 9/9 levels left

rFire    . . .     SeeInvis +   i - +1 whip (elec)
rCold    . . .     Faith    .   c - +0 kite shield
rNeg     + . .     Spirit   .   b - +0 scale mail
rPois    ∞         Reflect  .   x - +0 helmet
rElec    +         Harm     .   (no cloak)
rCorr    .         Rampage  .   (no gloves)
MR       +....                  (no boots)
Stlth    +.........             I - amulet of regeneration
HPRegen  0.61/turn              G - ring of see invisible
MPRegen  0.13/turn              l - ring of protection from magic

@: heroism
A: negative energy resistance 1, electricity resistance, unbreathing,
petrification resistance, rot immunity, AC +7
a: Heroism, Finesse, Renounce Religion


You were on level 8 of the Dungeon.
You worshipped Okawaru.
Okawaru was extremely pleased with you.
You visited 2 branches of the dungeon, and saw 9 of its levels.

You collected 503 gold pieces.

Inventory:

Hand Weapons
 a - a +3 flail
 e - a +1 spear of flaming
 i - a +1 whip of electrocution (weapon)
Missiles
 w - 32 poisoned darts (quivered)
 B - 2 throwing nets
Armour
 b - a +0 scale mail (worn)
 c - a +0 kite shield (worn)
 q - a cursed +0 plate armour
 x - a +0 helmet (worn)
 z - a +0 cloak
Jewellery
 l - a ring of protection from magic (right hand)
 o - an uncursed ring of flight
 G - a ring of see invisible (left hand)
 I - an amulet of regeneration (around neck)
 K - an uncursed ring of protection from cold {unknown}
Wands
 y - a wand of polymorph (8)
 F - a wand of acid (6)
 H - a wand of iceblast (9)
 N - a wand of paralysis (9)
Scrolls
 g - a scroll of random uselessness {unknown}
 h - 7 scrolls of identify {unknown}
 j - a scroll of fear {unknown}
 k - a scroll of magic mapping {unknown}
 n - 4 scrolls of teleportation {unknown}
 p - 4 scrolls of immolation {unknown}
 s - 2 scrolls of remove curse {unknown}
 u - 4 scrolls of amnesia {unknown}
 v - 3 scrolls of fog {unknown}
 A - a scroll of torment {unknown}
 E - a scroll of blinking {unknown}
 J - a scroll of enchant armour {unknown}
 L - a scroll of enchant weapon {unknown}
 O - a scroll of acquirement {unknown}
Potions
 d - 2 potions of might
 f - 2 potions of curing
 m - a potion of flight {unknown}
 r - 3 potions of lignification {unknown}
 t - a potion of mutation {unknown}
 C - a potion of stabbing {unknown}
 D - a potion of berserk rage {unknown}
 M - a potion of brilliance {unknown}


   Skills:
 * Level 11.1(16.1) Fighting
 + Level 8.1(13.1) Maces & Flails
 + Level 7.1(12.1) Armour
 + Level 4.1(9.1) Dodging
 + Level 7.1(12.1) Shields
 - Level 4.0 Invocations


You had 9 spell levels left.
You didn't know any spells.
Your spell library contained the following spells:

 Spells                   Type           Power        Failure   Level
 Shock                    Conj/Air       #...         77%         1
 Swiftness                Air            #.......     88%         2
 Confusing Touch          Hex            #.......     98%         3
 Gell's Gravitas          Tloc           #.........   98%         3
 Static Discharge         Conj/Air       #.......     98%         3
 Airstrike                Air            #.........   100%        4
 Petrify                  Tmut/Erth      #.......     100%        4
 Lightning Bolt           Conj/Air       #.........   100%        5
 Metabolic Englaciation   Hex/Ice        #.........   100%        5
 Yara's Violent Unravell  Hex/Tmut       #.........   100%        5


Dungeon Overview and Level Annotations

Branches:
Dungeon (8/15)             Temple (1/1) D:4            Lair (0/6) D:8

Altars:
Ashenzari
Cheibriados
Dithmenos
Elyvilon
Fedhas
Gozag
Hepliaklqana
Kikubaaqudgha
Makhleb
Nemelex Xobeh
Okawaru
Qazlal
Ru
Sif Muna
Trog
Uskayaw
Vehumet
Wu Jian
Xom
Yredelemnul
Zin
The Shining One

Annotations:
D:8 Gastronok


Innate Abilities, Weirdness & Mutations

You are resistant to torment.
Your stone body is resilient. (AC +7)
You are immune to poison.
You resist negative energy. (rN+)
You are resistant to electric shocks. (rElec)
You can survive without breathing.
You are immune to petrification.
You are immune to rotting.


Message History

You hit Gastronok but do no damage.
Gastronok is heavily wounded.
The bat hits you but does no damage. You block the orc's attack.
You whack Gastronok! Lightning courses through Gastronok!!
Gastronok is heavily wounded.
The bat misses you. You block the bat's attack.
Gastronok casts a spell.
You feel a sudden, passing aversion to salt.
It was a potion of curing.
You feel better. You block the bat's attack. The orc closely misses you.
The bat hits you but does no damage.
Okay, then.
You hit Gastronok. Lightning courses through Gastronok!
Gastronok is severely wounded.
The bat hits you but does no damage. You block the orc's attack.
You hit Gastronok.
Gastronok is severely wounded.
You block the bat's attack. The bat barely misses you.
Gastronok waves his eye-stalks in wide circles.
The air twists around and strikes you!!
You die... #.# ### #.# #^^ #.# ##. #.# #.. # #.# ##^ .# #.# ## .. ###.# #)######## # ###o# #bwb#

#)).)..... # ...# #@#
##(##.#### # #..####o###
#.##.# #### #..##..o..##
#(##.# ....
.####..#.8(..8.#####(##.#
##
.......#.......#...(.##.#
# #......_.....######.# #
#..#.......### #.#
##########..#.8...8.#
#.####
.†..........##.....##
#.....


You could see Gastronok, 2 orcs and 2 bats.

Vanquished Creatures
  Erica (D:8)
  A gargoyle (D:6)
  A troll (D:8)
  2 hippogriffs (D:8)
  A steam dragon (D:8)
  2 orc warriors
  A sky beast (D:6)
  3 ice beasts
  5 phantoms
  2 wolves (D:8)
  6 ogres
  5 centaurs
  2 big kobolds (D:8)
  5 bullfrogs (D:6)
  3 scorpions
  2 water moccasin skeletons (D:6)
  An electric eel (D:8)
  A crimson imp (D:5)
  11 orc priests
  Crazy Yiuf (D:4)
  9 hounds
  2 bullfrog skeletons
  3 gnoll shamans
  3 iguanas
  Ijyb (D:4)
  8 orc wizards
  3 worker ants
  A hound zombie (D:7)
  A hound skeleton (D:6)
  34 gnolls
  A howler monkey skeleton (D:5)
  20 adders
  3 shadow imps
  A white imp (D:5)
  An ufetubus (D:6)
  An adder zombie (D:6)
  2 worms
  5 leopard geckos
  40 orcs
  12 bats
  10 giant cockroaches
  7 goblins
  11 hobgoblins
  17 jackals
  5 quokkas
  7 frilled lizards
  22 kobolds
  A quokka skeleton (D:6)
  6 rats
  A spectral orc (D:8)
294 creatures vanquished.

Vanquished Creatures (others)
  A bush (D:4)
1 creature vanquished.

Grand Total: 295 creatures vanquished

Notes
Turn   | Place    | Note
-------+----------+-------------------------------------------
     0 | D:1      | Ozzies the Gargoyle Fighter began the quest for the Orb.
     0 | D:1      | Reached XP level 1. HP: 14/14 MP: 1/1
   157 | D:1      | Reached XP level 2. HP: 20/20 MP: 2/2
   219 | D:1      | Reached skill level 4 in Fighting
   468 | D:1      | Reached XP level 3. HP: 24/24 MP: 3/3
   960 | D:2      | Found a faded altar of an unknown god.
  1012 | D:2      | Reached skill level 5 in Fighting
  1101 | D:2      | You fall into a shaft and drop 1 floor!
  1107 | D:3      | Reached XP level 4. HP: 31/31 MP: 4/4
  1410 | D:2      | Reached skill level 6 in Fighting
  1423 | D:2      | Reached XP level 5. HP: 31/36 MP: 5/5
  2322 | D:3      | Reached skill level 7 in Fighting
  2383 | D:3      | Reached XP level 6. HP: 44/44 MP: 6/6
  2636 | D:4      | Found a runed translucent door.
  2637 | D:4      | Noticed Crazy Yiuf
  2684 | D:4      | Killed Crazy Yiuf
  3031 | D:4      | Noticed a phantom
  3103 | D:4      | Killed a phantom
  3103 | D:4      | Reached XP level 7. HP: 46/48 MP: 7/7
  3108 | D:4      | Reached skill level 8 in Fighting
  3125 | D:4      | Found a staircase to the Ecumenical Temple.
  3134 | Temple   | Entered the Ecumenical Temple
  3294 | Temple   | Became a worshipper of Warmaster Okawaru
  3334 | D:4      | Noticed Ijyb
  3393 | D:5      | Entered Level 5 of the Dungeon
  3850 | D:5      | Reached skill level 1 in Dodging
  3909 | D:5      | Reached XP level 8. HP: 33/55 MP: 8/8
  4093 | D:4      | Killed Ijyb
  4971 | D:4      | Reached * piety under Okawaru
  4971 | D:4      | Reached skill level 5 in Armour
  5643 | D:5      | Reached skill level 5 in Maces & Flails
  5694 | D:5      | Reached skill level 5 in Shields
  5826 | D:5      | Reached skill level 9 in Fighting
  6071 | D:6      | Reached XP level 9. HP: 60/60 MP: 9/9
  6358 | D:5      | Reached ** piety under Okawaru
  6651 | D:5      | Found a burning altar of Makhleb.
  6652 | D:5      | Found a shimmering altar of Xom.
  6735 | D:6      | Reached skill level 1 in Invocations
  7172 | D:4      | Got a steaming leather armour
  7183 | D:4      | Identified the +1 leather armour of Bitterness {rPois} (You
                  | found it on level 4 of the Dungeon)
  7256 | D:6      | Got a scorched rapier
  7257 | D:6      | Identified the +4 rapier "Solyov" {vamp, rF+ rC+ Stlth-}
                  | (You found it on level 6 of the Dungeon)
  7548 | D:6      | Found a sacrificial altar of Ru.
  7764 | D:6      | Noticed a gargoyle
  7792 | D:6      | Killed a gargoyle
  7792 | D:6      | Reached *** piety under Okawaru
  7993 | D:6      | Reached XP level 10. HP: 67/68 MP: 12/12
  8252 | D:8      | Reached skill level 10 in Fighting
  8543 | D:7      | Found a broken altar of Ashenzari.
  9374 | D:8      | Reached **** piety under Okawaru
  9461 | D:8      | Found an opulent altar of Gozag.
  9546 | D:8      | Found a basalt altar of Yredelemnul.
  9649 | D:8      | Noticed Erica
  9666 | D:8      | Killed Erica
  9689 | D:8      | Found a staircase to the Lair.
  9741 | D:8      | Reached ***** piety under Okawaru
  9741 | D:8      | Reached skill level 11 in Fighting
 10016 | D:8      | Noticed Gastronok
 10044 | D:8      | Killed from afar by Gastronok

Illustrated notes

Levels and vault maps discovered:
D:1:      minmay_arrival_shoal_huts, layout_loops_ring
D:2:      layout_loops_corners, chequers_ecumenical_altar_simple,
          guppyfry_early_lair_pool
D:3:      layout_basic
D:4:      layout_layer_cave, minmay_temple_entry_crystal_x, minmay_hedge_maze,
          st_stairs_5, minmay_bent, uniq_crazy_yiuf_cottage, uniq_ijyb
D:5:      layout_rooms, grunt_temple_overflow_champion_of_chaos, serial_curves,
          eino_curves_03, eino_curves_04, eino_curves_01, eino_curves_03
D:6:      kennysheep_windowed_halls, layout_basic, lemuel_coloured_pillars_altar
D:7:      layout_layer_cave, ashenzari_conservatory_becter
D:8:      layout_loops_ring, grunt_gozag_statues,
          yredelemnul_forgotten_temple_becter, erik_lair_island, uniq_erica,
          uniq_gastronok
Temple:   eino_temple_rhombus

Skill      XL: |  1  2  3  4  5  6  7  8  9 10 |
---------------+-------------------------------+-----
Fighting       | 4 5 6 7 8 9 11 | 11.1
Maces & Flails | 3 6 7 8 |  8.1
Shields        | 4 5 6 7 |  7.1
Armour         | 4 5 7 |  7.1
Dodging        | 1 2 4 |  4.1
Invocations    | 3 4 |  4.0

Action                   |  1- 3 |  4- 6 |  7- 9 | 10-12 || total
-------------------------+-------+-------+-------+-------++-------
Melee: Spear             |    81 |       |       |       ||    81
       Whip              |    55 |   234 |   511 |   348 ||  1148
Invok: Heroism           |       |       |     1 |     2 ||     3
  Use: Potion            |       |       |       |     1 ||     1
 Stab: Distracted        |     1 |       |       |       ||     1
       Invisible         |       |       |     1 |       ||     1
Armor: Scale mail        |    54 |    90 |   247 |   124 ||   515
Dodge: Dodged            |    39 |    46 |   164 |    89 ||   338
Block: Kite shield       |    73 |    76 |   261 |   165 ||   575

Table legend: (Time is in decaauts)
 A = Elapsed time spent in this place.
 B = Non-inter-level travel time spent in this place.
 C = Inter-level travel time spent in this place.
 D = Time resting spent in this place.
 E = Time spent auto-exploring this place.
 F = Levels seen in this place.
 G = Mean time per level.
                   A        B        C        D        E       F      G
               +--------+--------+--------+--------+--------+-----+--------+
         Total |   9959 |   9601 |    358 |    840 |   6571 |   9 | 1106.6 |
       Dungeon |   9360 |   9042 |    318 |    618 |   6270 |   8 | 1170.0 |
        Temple |    599 |    559 |     40 |    222 |    301 |   1 |  599.0 |
               +--------+--------+--------+--------+--------+-----+--------+

Top non-repeatable levels by time:
     D:4: 1669 daAuts
     D:5: 1669 daAuts
     D:6: 1652 daAuts
     D:2: 1049 daAuts
     D:7: 1028 daAuts
     D:1: 942 daAuts
     D:8: 715 daAuts
     D:3: 633 daAuts
  Temple: 599 daAuts
